 Dungeon Crawl Stone Soup version 0.30.0-15-g856e2d3f33 (webtiles) character file.

Game seed: 9968583619530674707

63 croobank the Digger (level 3, -2/28 HPs)
             Began as a Draconian Earth Elementalist on May 18, 2023.
             Slain by an orc priest
             ... wielding a +0 flail
              (5 damage)
             ... on level 3 of the Dungeon.
             The game lasted 00:07:54 (2530 turns).

croobank the Digger (Draconian Earth Elementalist)  Turns: 2530, Time: 00:07:54

Health: -2/28      AC:  5    Str: 10    XL:     3   Next: 89%
Magic:  4/6        EV: 12    Int: 23    God:
Gold:   138        SH:  0    Dex: 11    Spells: 2/6 levels left

rFire   . . .        d - +0 dagger
rCold   . . .        (no shield)
rNeg    . . .        (body armour unavailable)
rPois   .            (helmet restricted)
rElec   .            (no cloak)
rCorr   .            (no gloves)
SInv    .            (no boots)
Will    .....        (no amulet)
Stlth   ++           m - +6 ring of intelligence
HPRegen 0.24/turn    (no ring)
MPRegen 0.10/turn

%: no passive effects
@: no status effects
A: AC +5, unfitting armour, cold-blooded
a: no special abilities


You were on level 3 of the Dungeon.
You visited 1 branch of the dungeon, and saw 3 of its levels.

You collected 138 gold pieces.

Inventory:

Hand Weapons
 d - a +0 dagger (weapon)
 h - a +0 short sword
Missiles
 c - 5 boomerangs (quivered)
 f - 3 poisoned darts
Jewellery
 m - a +6 ring of intelligence (left hand)
Scrolls
 b - 3 scrolls of identify {unknown}
 e - a scroll of immolation {unknown}
 i - a scroll of noise {unknown}
 l - a scroll of poison {unknown}
 p - 2 scrolls of teleportation {unknown}
Potions
 a - 2 potions of magic
 g - a potion of heal wounds {unknown}
 j - a potion of might {unknown}
 k - a potion of ambrosia {unknown}
 n - 2 potions of curing {unknown}
 o - a potion of mutation {unknown}


   Skills:
 + Level 1.0 Fighting
 + Level 2.1 Dodging
 + Level 2.3 Stealth
 + Level 2.2 Spellcasting
 * Level 1.0 Conjurations
 + Level 1.6 Transmutations
 + Level 3.3 Earth Magic


You had 2 spell levels left.
You knew the following spells:

 Your Spells              Type           Power      Damage    Failure   Level
a - Sandblast             Erth           34%        2d9       3%          1
b - Stone Arrow           Conj/Erth      24%        3d8       16%         3

Your spell library contained the following spells:

 Spells                   Type           Power      Damage    Failure   Level
 Passwall                 Tmut/Erth      11%        N/A       7%          2
 Ozocubu's Armour         Ice            2%         N/A       36%         3
 Petrify                  Tmut/Erth      14%        N/A       41%         4
 Ozocubu's Refrigeration  Ice            1%         4d7       100%        7


Dungeon Overview and Level Annotations

Branches:
Dungeon (3/15)

Altars:


Innate Abilities, Weirdness & Mutations

Your plain brown scales are hard. (AC +5)
You cannot fit into any form of body armour.
You are cold-blooded and may be slowed by cold attacks.


Message History

An orc comes into view. It is wielding a +0 club.
The orc closely misses you.
Casting: Sandblast (safe; 3% risk of failure)
Confirm with . or Enter, or press ? or * to list all spells.
Aiming: Sandblast (safe; 3% risk of failure)
Press: ? - help, Shift-Dir - straight line, f - orc
Aim: an orc, wielding a +0 quarterstaff and wearing a +0 leather armour (82% to hit)
The blast of sand hits the orc but does no damage.
The orc shouts!
An orc comes into view. It is wielding a +0 club.
The orc completely misses you.
The orc priest mumbles some strange prayers to Beogh against you.
Beogh smites you!
Casting: Sandblast (safe; 3% risk of failure)
Confirm with . or Enter, or press ? or * to list all spells.
Aiming: Sandblast (safe; 3% risk of failure)
Press: ? - help, Shift-Dir - straight line, f/p - orc
Aim: an orc, wielding a +0 quarterstaff and wearing a +0 leather armour (82% to hit)
The blast of sand hits the orc!
You kill the orc!
The orc shouts!
The orc priest calls down the wrath of Beogh upon you.
Pain shoots through your body!
Your Fighting skill increases to level 1!
An orc wizard comes into view. It is wielding a +0 dagger.
The orc wizard moves out of view.
You start resting.
An orc priest is nearby!
The orc priest invokes the aid of Beogh against you.
Pain shoots through your body!
Ouch! That really hurt!
* * * LOW HITPOINT WARNING * * *
Casting: Sandblast (safe; 3% risk of failure)
Confirm with . or Enter, or press ? or * to list all spells.
Aiming: Sandblast (safe; 3% risk of failure)
Press: ? - help, Shift-Dir - straight line, f - orc priest
Aim: an orc priest, wielding a +0 flail (82% to hit)
The blast of sand misses the orc priest.
The orc priest hits you with a +0 flail.
You die...

##.#..# #.#..#.#
##.###.###.#.##.#
#.#####.## ##......##.#
#........###.#........#
#.#######.#.#.......###
#..##.......#
#######.###.......#
........####.....##
#............@...#
#.#####..#####o###
#........# #...o#####
#...## #.)## ...o.>
####...# #...#


You could see an orc priest.

Vanquished Creatures
  An adder (D:2)
  2 worms (D:2)
  2 dart slugs (D:1)
  An orc (D:3)
  4 endoplasms (D:2)
  A giant cockroach (D:2)
  4 goblins
  7 hobgoblins
  4 quokkas (D:1)
  3 ball pythons (D:2)
  3 frilled lizards
  4 kobolds
  4 rats
40 creatures vanquished.

Notes
Turn   | Place    | Note
-------+----------+-------------------------------------------
     0 | D:1      | croobank the Draconian Earth Elementalist began the quest
                  | for the Orb.
     0 | D:1      | Reached XP level 1. HP: 14/14 MP: 3/3
   523 | D:1      | Reached XP level 2. HP: 20/20 MP: 5/5
  1529 | D:2      | Reached XP level 3. HP: 27/27 MP: 6/6
  1533 | D:2      | Learned a level 3 spell: Stone Arrow
  2074 | D:2      | Reached skill level 1 in Conjurations
  2155 | D:2      | Found a faded altar of an unknown god.
  2519 | D:3      | Reached skill level 1 in Fighting
  2530 | D:3      | Slain by an orc priest

Illustrated notes

Levels and vault maps discovered:
D:1:      lightli_arrival_quake, layout_basic
D:2:      layout_loops_corners, hellmonk_ecumenical_altar_heavens_door
D:3:      layout_loops_cross, lemuel_round_altar, serial_shops,
          nicolae_shop_stone, corexii_corridor_pit

Skill      XL: |  1  2  3 |
---------------+----------+-----
Stealth        | 2 |  2.3
Dodging        | 2 |  2.1
Conjurations   | 1 |  1.0
Fighting       | 1 |  1.0
Spellcasting   | |  2.2
Transmutations | |  1.6
Earth Magic    | |  3.3

Action                     || total
---------------------------++-------
  Melee: Dagger            ||    43
         Tailslap          ||     5
  Throw: Boomerang         ||    20
   Cast: Sandblast         ||    44
         Stone Arrow       ||     2
   Stab: Sleeping          ||     5
 Armour: Skin              ||     7
  Dodge: Dodged            ||    40
